 Dungeon Crawl Stone Soup version 0.28.0-53-g5a82cb258f (console) character file.

Game seed: 4300391094671433881

318 grimtooth the Slasher (level 6, -1/47 HPs)
             Began as a Djinni Gladiator on June 23, 2022.
             Slain by a gnoll
             ... wielding a +1 halberd of protection
              (7 damage)
             ... on level 4 of the Dungeon.
             The game lasted 00:17:51 (5096 turns).

grimtooth the Slasher (Djinni Gladiator)            Turns: 5096, Time: 00:17:51

Health: -1/47      AC:  4    Str: 13    XL:     6   Next: 74%
Gold:   149        EV: 12    Int: 11    God:
                   SH:  0    Dex: 15

rFire   + + .      SeeInvis .   a - +1 dagger (elec)
rCold   x . .      Faith    .   (no shield)
rNeg    . . .      Spirit   .   q - +0 leather armour
rPois   ∞          Reflect  .   c - +0 helmet
rElec   .          Harm     .   (no cloak)
rCorr   .          Rampage  .   (no gloves)
Will    .....                   (boots unavailable)
Stlth   +.........              (no amulet)
HPRegen 0.15/turn               (no ring)
MPRegen 0.00/turn               (no ring)

@: flying, hasted, very quick
A: sickness immunity, fire resistance 2, cold vulnerability 1, float, innate
caster, HP casting, extra vitality 1
a: no special abilities


You were on level 4 of the Dungeon.
You visited 1 branch of the dungeon, and saw 4 of its levels.

You collected 149 gold pieces.

Inventory:

Hand Weapons
 a - a +1 dagger of electrocution (weapon)
 b - a +0 hunting sling
 r - a +0 long sword
Missiles
 d - 3 throwing nets
 h - 49 sling bullets
 i - 132 stones (quivered)
Armour
 c - a +0 helmet (worn)
 q - a +0 leather armour (worn)
Scrolls
 f - 2 scrolls of fear {unknown}
 j - a scroll of amnesia
 m - a scroll of enchant weapon {unknown}
 p - a scroll of torment {unknown}
Potions
 k - a potion of haste
 l - a potion of invisibility
 n - 2 potions of flight {unknown}
 o - 2 potions of resistance {unknown}


   Skills:
 - Level 4.0 Fighting
 + Level 5.5 Long Blades
 - Level 1.5 Throwing
 - Level 3.2 Dodging
 + Level 0.1 Spellcasting


You had 2 spell levels left.
You knew the following spells:

 Your Spells              Type           Power      Damage    Failure   Level
a - Sandblast             Erth           0%         2d4       41%         1
b - Static Discharge      Conj/Air       0%         N/A       54%         2
Your spell library was empty.

Dungeon Overview and Level Annotations

Branches:
Dungeon (4/15)
 Temple: D:4-7

Altars:

Annotations:
D:4 exclusion: ogre


Innate Abilities, Weirdness & Mutations

You are immune to sickness and miasma.
You are immune to poison.
Your flesh is very heat resistant. (rF++)
You are vulnerable to cold. (rC-)
You float through the air rather than walking.
You learn spells naturally, not from books.
Your magical power is your life essence.
You have superior vitality. (+4 MHP)


Message History

A ball python comes into view.
The ball python hisses angrily.
Found a quarterstaff.
A goblin comes into view. It is wielding a +0 club.
The ball python bites you. The ball python misses you.
A giant cockroach comes into view.
The giant cockroach closely misses you. The giant cockroach misses you.
The hobgoblin hits you but does no damage.
The gnoll hits you with a +0 flail.
You hit the gnoll.
The gnoll is lightly wounded.
The gnoll hits you with a +0 flail.
You barely miss the gnoll.
The gnoll is lightly wounded.
The hobgoblin closely misses you. The gnoll hits you with a +0 flail!
The gnoll hits you from afar with a +1 halberd of protection.
You hit the gnoll.
The gnoll is moderately wounded.
The hobgoblin closely misses you. The gnoll hits you with a +0 flail!
The gnoll hits you from afar with a +1 halberd of protection.
* * * LOW HITPOINT WARNING * * *
You hit the gnoll but do no damage.
The gnoll is moderately wounded.
The hobgoblin hits you but does no damage.
You hit the gnoll. Lightning courses through the gnoll!
You kill the gnoll!
The gnoll hits you from afar with a +1 halberd of protection!
* * * LOW HITPOINT WARNING * * *
The hobgoblin hits you.
* * * LOW HITPOINT WARNING * * *
Unknown command.
You feel better.
You hear the rapid rusting of a distant drain.
The gnoll barely misses you. The hobgoblin misses you.
You feel yourself speed up.
The gnoll hits you from afar with a +1 halberd of protection!
* * * LOW HITPOINT WARNING * * *
The hobgoblin hits you but does no damage.
The gnoll hits you with a +1 halberd of protection!
You die...

##...).## #.......# #.......#
#....... ##.....##
#......g####### #####
###.........OS..######### ....#
#.........#####S.B......# ....#
#.##.....########.......#
....#####.###..g####SOg.........#
.....#$...##....@.gSB####.......#
.............####################
....##g####### #..(....# #.###S.#
####.......# ####..O#
##...<......# g..g.#.#
#..##.......# .#g.##...
#.....###.......#
....###......##... #.......#
##......#... #....##g)######
...#..#####.......##g## ...##..#
......###.#


You could see an ogre, 2 gnolls, a giant cockroach, a hobgoblin and 2 ball
pythons.

Vanquished Creatures
  A black bear (D:4)
  A scorpion (D:3)
  A scorpion zombie (D:3)
  A gnoll (D:4)
  4 adders (D:3)
  2 dart slugs
  A worm (D:2)
  4 orcs
  5 bats
  12 endoplasms
  5 giant cockroaches
  6 goblins
  5 hobgoblins
  7 jackals
  4 quokkas
  4 ball pythons
  3 frilled lizards
  5 kobolds
  5 rats
  A spectral goblin (D:3)
77 creatures vanquished.

Notes
Turn   | Place    | Note
-------+----------+-------------------------------------------
     0 | D:1      | grimtooth the Djinni Gladiator began the quest for the Orb.
     0 | D:1      | Reached XP level 1. HP: 18/18 MP: 0/0
   169 | D:1      | Reached skill level 3 in Long Blades
   169 | D:1      | Reached XP level 2. HP: 23/23 MP: 0/0
   405 | D:1      | Reached XP level 3. HP: 27/29 MP: 0/0
   405 | D:1      | Learned a level 1 spell: Sandblast
  2094 | D:2      | Reached XP level 4. HP: 34/34 MP: 0/0
  2633 | D:3      | Reached skill level 4 in Long Blades
  3148 | D:3      | Reached XP level 5. HP: 22/40 MP: 0/0
  3148 | D:3      | Learned a level 2 spell: Static Discharge
  3659 | D:3      | Found a faded altar of an unknown god.
  4477 | D:4      | Noticed an ogre
  4595 | D:4      | Noticed a black bear
  4706 | D:3      | Reached skill level 5 in Long Blades
  4706 | D:3      | Reached XP level 6. HP: 10/46 MP: 0/0
  4974 | D:4      | Killed a black bear
  5044 | D:4      | - aaag
  5096 | D:4      | Slain by a gnoll

Illustrated notes

#..............#
#.......##.....#
##..$....##.....#
##.........#......
#.w...............
##.#.......#......#
########..######g.#.##.###
#........## ##....####.
#.$....###########........
#.....g####.....#####.#..#
#......S.@.g.............#
#......####)......#####...
#......# #.....#.......#g
#......# ###)###.......##
######## #.##.)####...
#.#..## #... #.... ..#.#
#..... .. #...... #.......
........g


Turn 5044 on D:4: - aaag

Levels and vault maps discovered:
D:1:      minmay_arrival_floating_metal, layout_loops_ring
D:2:      layout_loops_ring
D:3:      minmay_octagon_keep, layout_basic,
          dreamdust_ecumenical_altar_drowned_temple
D:4:      layout_rooms, gup_sewer_entry_bowl

Skill      XL: |  1  2  3  4  5  6 |
---------------+-------------------+-----
Long Blades    | 3 4 5 |  5.5
Fighting       | 3 4 |  4.0
Throwing       | |  1.5
Dodging        | |  3.2
Spellcasting   | |  0.1

Action                   |  1- 3 |  4- 6 || total
-------------------------+-------+-------++-------
Melee: Long sword        |   106 |    84 ||   190
       Punch             |       |     1 ||     1
       Dagger            |       |    65 ||    65
 Cast: Sandblast         |       |     6 ||     6
  Use: Scroll            |       |     4 ||     4
       Potion            |       |     2 ||     2
 Stab: Sleeping          |     1 |     2 ||     3
Armor: Leather armour    |    40 |    43 ||    83
Dodge: Dodged            |    72 |    90 ||   162
